 Dungeon Crawl Stone Soup version 0.20-a0-548-g4f8a798 (webtiles) character file.

6230 Asddderdsw the Destroyer (level 10, -10/81 HPs)
             Began as a Red Draconian Conjurer on Feb 1, 2017.
             Mangled by an orc knight
             ... wielding a +0 war axe
              (22 damage)
             ... in a bailey.
             The game lasted 01:19:53 (8985 turns).

Asddderdsw the Destroyer (Red Draconian Conjurer)   Turns: 8985, Time: 01:19:54

Health: -10/81     AC: 10    Str: 10    XL:     10   Next: 61%
Magic:  3/17       EV: 15    Int: 20    God:
Gold:   477        SH:  0    Dex: 11    Spells: 3/22 levels left

rFire    + . .     SeeInvis .   r - +3 quarterstaff (chaos)
rCold    . . .     Gourm    .   (armour unavailable)
rNeg     . . .     Faith    .   (shield currently unavailable)
rPois    +         Spirit   .   (helmet restricted)
rElec    .         Reflect  .   y - +2 cloak
rCorr    .         Harm     .   (no gloves)
MR       .....                  (no boots)
Stlth    +++.......             (no amulet)
Regen    0.3/turn               p - ring of poison resistance
                                n - ring of wizardry

@: exhausted, flying, slowed, very slow
A: breathe fire, unfitting armour, big wings, talons 1, fire resistance 1, low
mp 1, cold-blooded, AC +7
a: Breathe Fire, Stop Flying


You were in a bailey.
You were hungry.

You visited 1 branch of the dungeon, and saw 9 of its levels.
You also visited: Ossuary and Bailey.

You collected 477 gold pieces.

Inventory:

Hand Weapons
 f - a +4 great sword
 k - a +0 mace
 q - a +0 whip of freezing
 r - a +3 quarterstaff of chaos (weapon)
 E - a +0 dire flail
 K - a +2 flail of crushing
 M - a -2 executioner's axe
 N - a -3 morningstar
Missiles
 h - 291 stones (quivered)
 G - 3 tomahawks of returning
Armour
 y - a +2 cloak (worn)
Jewellery
 i - a +3 ring of dexterity
 n - a ring of wizardry (left hand)
 p - a ring of poison resistance (right hand)
 H - an uncursed ring of resist corrosion
 I - an uncursed ring of see invisible
Wands
 e - a wand of polymorph (19/24)
 x - a wand of acid (5/15)
 C - a wand of paralysis (13/24)
Scrolls
 c - 2 scrolls of enchant armour
 d - 2 scrolls of recharging
 l - 2 scrolls of amnesia
 o - a scroll of identify
 t - a scroll of enchant weapon
 w - a scroll of remove curse
 A - a scroll of fog
 B - a scroll of noise
Potions
 j - a potion of might
 m - 3 potions of brilliance
 v - 3 potions of cure mutation
 D - a potion of flight
 O - a potion of curing
Books
 a - a book of Conjurations

   Spells                             Type                      Level
   a - Magic Dart                     Conjuration                  1
   b - Searing Ray                    Conjuration                  2
   c - Dazzling Spray                 Conjuration/Hexes            3
   d - Fulminant Prism                Conjuration/Hexes            4
   e - Iskenderun's Mystic Blast      Conjuration                  4
   f - Iskenderun's Battlesphere      Conjuration/Charms           5
 u - a book of Frost

   Spells                             Type                      Level
   a - Freeze                         Ice                          1
   b - Throw Frost                    Conjuration/Ice              2
   c - Ozocubu's Armour               Charms/Ice                   3
   d - Throw Icicle                   Conjuration/Ice              4
   e - Summon Ice Beast               Ice/Summoning                4
 J - a book of Callings

   Spells                             Type                      Level
   a - Summon Small Mammal            Summoning                    1
   b - Call Imp                       Summoning                    2
   c - Call Canine Familiar           Summoning                    3
   d - Summon Guardian Golem          Hexes/Summoning              3
   e - Summon Lightning Spire         Summoning/Air                4
   f - Summon Ice Beast               Ice/Summoning                4
Comestibles
 b - 5 bread rations
 g - 2 meat rations
 s - 3 royal jellies
 F - 4 fruits


   Skills:
 + Level 5.3 Fighting
 + Level 3.3(5.3) Maces & Flails
 + Level 6.5(6.9) Staves
 + Level 6.1 Dodging
 + Level 4.6 Stealth
 + Level 6.5 Spellcasting
 + Level 8.9 Conjurations
 + Level 2.7 Hexes


You had 3 spell levels left.
You knew the following spells:

 Your Spells              Type           Power        Failure   Level  Hunger
a - Magic Dart            Conj           ####         1%          1    None
b - Searing Ray           Conj           #####.       1%          2    None
c - Dazzling Spray        Conj/Hex       ####..       1%          3    #......
d - Iskenderun's Mystic   Conj           #####...     1%          4    ###....
e - Fulminant Prism       Conj/Hex       ####......   4%          4    ###....
f - Iskenderun's Battles  Conj/Chrm      ###.....     21%         5    #####..


Dungeon Overview and Level Annotations

Branches:
Dungeon (9/15)             Temple (0/1) D:6
   Lair: D:8-11         Orc: D:9-12

Altars:
Cheibriados
Dithmenos
Fedhas
Gozag
Nemelex Xobeh
Okawaru
Ru
Trog
Uskayaw
Xom
The Shining One

Shops:
D:7 *   D:8 =

Annotations:
D:4 AlphabetPasta's ghost, amateur HOIE


Innate Abilities, Weirdness & Mutations

You can breathe blasts of fire.
Your fiery red scales are hard. (AC +7)
You cannot fit into any form of body armour.
Your flesh is heat resistant. (rF+)
You are cold-blooded and may be slowed by cold attacks.
Your large and strong wings let you fly indefinitely.
You have sharp toenails.
Your magical capacity is low. (-10% MP)


Message History

You sock the orc knight!
You feel better.
You kill the orc knight!
Your Dodging skill increases to level 6!
The orc knight hits you with a war axe!
There is a gate leading back out of this place, spattered with blood here.
Items here: ( ) [ † a war axe; a plate armour; 2 tomahawks of returning; a kobold corpse You thump the orc knight!
You claw the orc knight.
The orc knight is moderately wounded.
You are no longer berserk.
You are exhausted.
You feel yourself slow down.
The orc warrior no longer looks unusually strong.
The orc warrior misses you. The orc knight closely misses you.
You are feeling hungry.
The orc warrior hits you with a war axe!
The orc warrior hits you with a hand axe!!
* * * LOW HITPOINT WARNING * * *
The orc knight hits you with a war axe!!
You die...

▓▓▓ ▓)▓
▓▓▓▓▓
▓.∩.▓
▓.o^▓
▓.@o▓
##o##
≈o≈.
#≈g≈##
(≈o≈K
##≈(≈##
K≈.≈K
#≈g≈#


You could see an orc knight, 3 orc warriors, an orc, a hobgoblin (wandering), a
goblin and 3 kobolds.

Vanquished Creatures
  2 two-headed ogres (D:8)
  The ghost of skewfiend the Caller, a novice MfSu of Sif Muna (Bailey)
  Pikel (D:7)
  An orc knight (Bailey)
  A polar bear (D:9)
  A hungry ghost (D:6)
  Menkaure (Ossuary)
  An orc warrior (D:7)
  2 sky beasts (D:6)
  2 black bears (D:8)
  4 ogres
  A crocodile (D:8)
  2 centaurs (D:9)
  3 bullfrogs
  7 scorpions
  A howler monkey (D:7)
  5 wights (D:7)
  2 crimson imps
  A quasit (D:8)
  A jelly (D:6)
  A hound (D:5)
  4 iguanas
  4 orc priests
  Crazy Yiuf (D:2)
  4 bullfrog skeletons
  Jessica (D:2)
  Terence (D:3)
  6 worker ants
  9 orc wizards
  4 mummies
  Robin (D:2)
  3 gnolls (D:2)
  14 adders
  A shadow imp (D:6)
  A white imp (D:9)
  A worker ant simulacrum (D:9)
  An adder zombie (D:7)
  An adder skeleton (D:7)
  3 worms
  2 dart slugs
  An adder simulacrum (D:9)
  3 leopard geckos
  22 orcs
  5 giant cockroaches
  3 gnoll zombies (Ossuary)
  17 goblins
  14 hobgoblins
  12 jackals
  17 kobolds
  5 quokkas
  A ball python (D:1)
  9 bats
  5 frilled lizards
  2 gnoll skeletons (Ossuary)
  A goblin skeleton (Ossuary)
  A goblin zombie (Ossuary)
  2 hobgoblin skeletons (Ossuary)
  3 hobgoblin zombies (Ossuary)
  A jackal skeleton (D:7)
  A jackal zombie (D:8)
  A kobold skeleton (Ossuary)
  2 kobold zombies (Ossuary)
  A leopard gecko zombie (D:7)
  2 orc skeletons (Ossuary)
  2 orc zombies (Ossuary)
  3 rats (D:1)
  2 rat skeletons (Ossuary)
  3 rat zombies (Ossuary)
  A fulminant prism (D:8)
245 creatures vanquished.

Vanquished Creatures (others)
  A sky beast (D:7)
  An ice beast (D:7)
  A scorpion (D:7)
  A white imp (D:9)
  A gnoll zombie (Ossuary)
  A quokka (D:6)
  A gnoll skeleton (Ossuary)
  2 goblin skeletons (Ossuary)
  2 goblin zombies (Ossuary)
  3 hobgoblin skeletons (Ossuary)
  2 hobgoblin zombies (Ossuary)
  A kobold skeleton (Ossuary)
  2 kobold zombies (Ossuary)
  6 orc skeletons (Ossuary)
  4 orc zombies (Ossuary)
  2 rat skeletons (Ossuary)
  13 fulminant prisms
  A fungus (D:5)
45 creatures vanquished.

Grand Total: 290 creatures vanquished

Notes
Turn   | Place    | Note
-------+----------+-------------------------------------------
     0 | D:1      | Asddderdsw the Draconian Conjurer began the quest for the Orb.
     0 | D:1      | Reached XP level 1. HP: 14/14 MP: 3/3
   426 | D:1      | Reached XP level 2. HP: 20/20 MP: 1/5
   430 | D:1      | Learned a level 2 spell: Searing Ray
   715 | D:2      | Noticed Robin
   748 | D:2      | Killed Robin
   748 | D:2      | Reached XP level 3. HP: 6/26 MP: 0/6
   910 | D:2      | Noticed Jessica
  1260 | D:2      | Reached skill level 1 in Maces & Flails
  1284 | D:2      | Killed Jessica
  1284 | D:2      | Reached skill level 5 in Conjurations
  1284 | D:2      | Reached XP level 4. HP: 32/34 MP: 4/7
  1293 | D:2      | Reached skill level 1 in Fighting
  1395 | D:2      | Found a runed door.
  1918 | D:3      | Reached XP level 5. HP: 37/40 MP: 0/8
  1923 | D:3      | Learned a level 3 spell: Dazzling Spray
  2003 | D:3      | Noticed Terence
  2023 | D:3      | Killed Terence
  2642 | D:3      | Found a shimmering altar of Xom.
  2859 | D:4      | Reached XP level 6. HP: 48/48 MP: 4/10
  2865 | D:4      | Learned a level 4 spell: Iskenderun's Mystic Blast
  2899 | D:4      | Found a sand-covered staircase.
  2930 | Ossuary  | Entered an ossuary
  3359 | Ossuary  | Noticed Menkaure
  3528 | Ossuary  | Killed Menkaure
  3729 | D:4      | Noticed AlphabetPasta's ghost (amateur HOIE)
  3997 | D:2      | Noticed Crazy Yiuf
  4005 | D:2      | Killed Crazy Yiuf
  4159 | D:4      | Found an iron altar of Okawaru.
  4231 | D:4      | Your scales start taking on a fiery red colour.
  4231 | D:4      | Reached XP level 7. HP: 47/55 MP: 6/12
  4231 | D:4      | Gained mutation: Your flesh is heat resistant. (rF+) [Red Draconian growth]
  4375 | D:4      | Found a sparkling altar of Nemelex Xobeh.
  4559 | D:5      | Entered Level 5 of the Dungeon
  4569 | D:5      | Found a blossoming altar of Fedhas.
  4804 | D:5      | Reached skill level 6 in Conjurations
  5023 | D:5      | Reached skill level 1 in Staves
  5558 | D:6      | Reached XP level 8. HP: 49/61 MP: 1/14
  5775 | D:6      | Reached skill level 7 in Conjurations
  5775 | D:6      | Reached skill level 1 in Hexes
  5785 | D:6      | Gained mutation: You have sharp toenails. [mutagenic meat]
  5786 | D:6      | Gained mutation: You have an increased reservoir of magic. (+10% MP) [mutagenic meat]
  5788 | D:6      | Gained mutation: Your large and strong wings let you fly indefinitely. [mutagenic meat]
  5789 | D:6      | Lost mutation: You have an increased reservoir of magic. (+10% MP) [mutagenic meat]
  5790 | D:6      | Gained mutation: Your magical capacity is low. (-10% MP) [mutagenic meat]
  5925 | D:6      | Found a staircase to the Ecumenical Temple.
  6144 | D:7      | Noticed Pikel
  6153 | D:6      | Learned a level 4 spell: Fulminant Prism
  6202 | D:7      | Reached skill level 5 in Spellcasting
  6218 | D:7      | Found Methuqor's Elemental Accessories.
  6297 | D:7      | Found a glowing golden altar of the Shining One.
  6373 | D:7      | Found an opulent altar of Gozag.
  6475 | D:7      | Reached XP level 9. HP: 56/69 MP: 1/15
  6737 | D:7      | Killed Pikel
  6737 | D:7      | Reached skill level 5 in Staves
  7199 | D:7      | Learned a level 5 spell: Iskenderun's Battlesphere
  7220 | D:7      | Found a sacrificial altar of Ru.
  7504 | D:8      | Noticed a two-headed ogre
  7531 | D:8      | Killed a two-headed ogre
  7531 | D:8      | Reached skill level 8 in Conjurations
  7833 | D:8      | Found Waptout's Jewellery Shop.
  7890 | D:8      | Found a bloodstained altar of Trog.
  7969 | D:8      | Noticed a two-headed ogre
  7986 | D:8      | Killed a two-headed ogre
  7986 | D:8      | Reached XP level 10. HP: 74/80 MP: 1/17
  8027 | D:8      | Found a snail-covered altar of Cheibriados.
  8086 | D:8      | Found a hide-covered altar of Uskayaw.
  8086 | D:8      | Found a sparkling altar of Nemelex Xobeh.
  8559 | D:9      | Reached skill level 5 in Fighting
  8649 | D:9      | Reached skill level 5 in Dodging
  8697 | D:9      | Found a shadowy altar of Dithmenos.
  8806 | D:9      | Noticed a two-headed ogre
  8846 | D:9      | Found a flagged portal.
  8868 | Bailey   | Entered a bailey
  8929 | Bailey   | Noticed skewfiend's ghost (novice MfSu)
  8950 | Bailey   | Noticed an orc knight
  8963 | Bailey   | Noticed an orc knight
  8977 | Bailey   | Killed skewfiend's ghost
  8982 | Bailey   | Killed an orc knight
  8985 | Bailey   | Mangled by an orc knight

Vault maps used:
D:1:      ncdulo_lavacross
D:2:      first_bread, minmay_cupped, uniq_robin, uniq_jessica,
          uniq_crazy_yiuf_cottage
D:3:      lemuel_doored_altar, uniq_terence
D:4:      kennysheep_mini_moat, nicolae_ossuary_entry_giza,
          nemelex_diamond_rough_becter
D:5:      fedhas_altar_3
D:6:      lemuel_temple_firewalk_b, serial_bayou_pond_d
D:7:      nicolae_overflow_crystal_walls, marbit_many_paths, tso_oasis_becter,
          nicolae_elemental_shop, uniq_pikel
D:8:      cheibrodos_worm_habitat, trog_ov_bears_minmay,
          gammafunk_temple_overflow_statue, serial_shops, shop
D:9:      old_forge, dpeg_lair_monsters, basic_altar, enter_bailey_4,
          serial_ice, serial_ice_l, serial_ice_b, serial_ice_f, serial_ice_n
Ossuary:  ossuary_due_pyramid
Bailey:   bailey_axe_1, bailey

Skill      XL: |  1  2  3  4  5  6  7  8  9 10 |
---------------+-------------------------------+-----
Stealth        | 2 3 4 |  4.6
Maces & Flails | 1 2 3 |  3.3
Conjurations   | 5 6 7 8 |  8.9
Fighting       | 1 2 3 4 5 |  5.3
Dodging        | 2 3 4 6 |  6.1
Spellcasting   | 3 4 5 6 |  6.5
Staves         | 2 4 6 |  6.5
Hexes          | 1 2 |  2.7

Action                   |  1- 3 |  4- 6 |  7- 9 | 10-12 || total
-------------------------+-------+-------+-------+-------++-------
Melee: Club              |    16 |       |       |       ||    16
       Tailslap          |     9 |     2 |    15 |    10 ||    36
       Mace              |    43 |    56 |       |       ||    99
       Whip              |       |    17 |       |    10 ||    27
       Quarterstaff      |       |    10 |   144 |    71 ||   225
       Kick              |       |       |    20 |    19 ||    39
       Flail             |       |       |       |     3 ||     3
Throw: Stone             |     2 |     4 |     1 |       ||     7
       Throwing net      |     1 |       |       |       ||     1
 Cast: Magic Dart        |    46 |   146 |   104 |    26 ||   322
       Searing Ray       |     2 |    12 |    10 |       ||    24
       Dazzling Spray    |       |     3 |    39 |    18 ||    60
       Fulminant Prism   |       |       |     9 |     5 ||    14
       Iskenderun's Myst |       |       |     4 |     1 ||     5
 Abil: Breathe Fire      |       |       |     5 |     1 ||     6
       Fly               |       |       |     1 |     1 ||     2
       Stop Flying       |       |       |     1 |       ||     1
  Use: Potion            |     2 |     5 |     9 |     1 ||    17
       Scroll            |     1 |    11 |    11 |     3 ||    26
 Stab: Held in net/web   |     2 |       |       |       ||     2
       Paralysed         |       |       |     1 |     2 ||     3
       Invisible         |       |       |     1 |       ||     1
       Confused          |       |       |       |     1 ||     1
  Eat: Chunk             |     2 |     6 |    15 |     4 ||    27
       Bread ration      |       |     1 |       |       ||     1
       Meat ration       |       |       |     2 |       ||     2
       Fruit             |       |       |     3 |     1 ||     4
Armor: Skin              |    36 |    39 |   121 |   152 ||   348
Dodge: Dodged            |    64 |    64 |   170 |   316 ||   614
